 Dungeon Crawl Stone Soup version 0.32-a0-675-gdc239d62e1 (webtiles) character file.

Game seed: 1076020922705081542

1720 Xavori the Trooper (level 9, -2/71 HPs)
             Began as a Djinni Chaos Knight on Mar 11, 2024.
             Was a Plaything of Xom.
             Slain by a steam dragon (9 damage)
             ... on level 6 of the Dungeon.
             The game lasted 00:05:00 (12293 turns).

Xavori the Trooper (Djinni Chaos Knight)           Turns: 12293, Time: 00:05:01

Health: -2/71      AC: 14    Str: 15    XL:     9   Next: 24%
Gold:   209        EV: 13    Int: 15    God:    Xom [.*....] SH:  0 Dex: 18

rFire   + + .        i - +2 falchion (holy)
rCold   x . .        (no shield)
rNeg    + + .        h - +8 ring mail "Vais" {Harm rN+}
rPois   ∞            (no helmet)
rElec   .            (no cloak)
rCorr   .            (no gloves)
SInv    .            (boots unavailable)
Will    .....        (no amulet)
Stlth   +            p - ring of positive energy
HPRegen 0.31/turn    (no ring)
MPRegen 0.00/turn

%: harm (+30% outgoing, +20% incoming), infuse magic (-3 HP)
@: flying
A: sickness immunity, fire resistance 2, cold vulnerability 1, float, innate
caster, HP casting, extra vitality 1, agile 1, clever 1, mutation resistance 1,
passive freeze, robust 1, strong 1, MP-powered wands
a: Renounce Religion


You were on level 6 of the Dungeon.
You worshipped Xom.
You were a plaything of Xom.
You visited 1 branch of the dungeon, and saw 6 of its levels.

You collected 209 gold pieces.

Inventory:

Hand Weapons
 a - a +0 falchion of chaos
 i - a +2 falchion of holy wrath (weapon)
Armour
 b - a +2 leather armour
 h - the +8 ring mail "Vais" (worn) {Harm rN+}
   (You found it on level 3 of the Dungeon)

   rN+:       It protects you from negative energy.
   Harm:      It increases damage dealt and taken.
Jewellery
 p - a ring of positive energy (left hand)
Scrolls
 c - a scroll of butterflies
 f - a scroll of identify
 g - a scroll of fear
 j - a scroll of blinking
 k - a scroll of immolation
 m - a scroll of teleportation
 n - a scroll of summoning
Potions
 d - 2 potions of attraction {unknown}
 e - 3 potions of curing {unknown}
 l - 2 potions of might {unknown}
 o - a potion of haste {unknown}
 q - a potion of lignification {unknown}


   Skills:
 + Level 5.3 Fighting
 + Level 4.9 Long Blades
 + Level 4.4 Armour
 + Level 5.3 Dodging
 * Level 5.0 Spellcasting
 * Level 5.0 Conjurations
 * Level 5.0 Hexes
   Level 0.0 Charms
 * Level 5.0 Summonings
 * Level 5.0 Necromancy
 * Level 5.0 Translocations
   Level 0.0 Transmutations
 * Level 5.0 Fire Magic
 * Level 5.0 Ice Magic
 * Level 5.0 Air Magic
 * Level 5.0 Earth Magic
 * Level 5.0 Alchemy


You knew the following spells:

 Your Spells              Type           Power      Damage    Failure   Level
a - Sandblast             Erth           36%        2d10      3%          1
b - Searing Ray           Conj           36%        2d5       6%          2
c - Ozocubu's Armour      Ice            18%        N/A       12%         3
d - Gell's Gravitas       Tloc           18%        N/A       12%         3
Your spell library was empty.

Dungeon Overview and Level Annotations

Branches:
Dungeon (6/15)             Temple (0/1) D:4

Altars:
Ashenzari
Fedhas
Gozag
Xom

Annotations:
D:6 Jeremiah


Innate Abilities, Weirdness & Mutations

You are immune to sickness and miasma.
You are immune to poison.
Your flesh is very heat resistant. (rF++)
You are vulnerable to cold. (rC-)
You float through the air rather than walking.
You learn spells naturally, not from books.
Your magical power is your life essence.
You have superior vitality. (+4 MHP)
You are agile. (Dex +4, Str/Int -1)
Your mind is acute. (Int +4, Str/Dex -1)
You are somewhat resistant to further mutation.
A frigid envelope surrounds you and freezes all who hurt you.
You are robust. (+10% HP)
Your muscles are strong. (Str +4, Int/Dex -1)
You expend health (3 HP) to strengthen your wands.


Message History

The gnoll hits you but does no damage.
The gnoll is very cold.
The gnoll is lightly wounded.
You see here the +2 leather armour of Inaction {Dex+3 SInv}.
You slash the gnoll!
The gnoll is almost dead.
Jeremiah cries, "Fearful master, protect me!"
Something smites you!
* * * LOW HITPOINT WARNING * * *
A gnoll comes into view. It is wielding a +0 flail.
The gnoll misses you.
Jeremiah hops!
The gnoll shouts!
You hit the gnoll but do no damage.
The gnoll is almost dead.
You hear a shout!
The gnoll hits you but does no damage.
The gnoll is very cold.
You kill the gnoll!
The steam dragon breathes steam at you. The ball of steam hits you. You resist.
* * * LOW HITPOINT WARNING * * *
You hear an angry hiss.
You hear a shout!
You hear an angry hiss.
An adder comes into view.
An ogre comes into view. It is wielding a +0 giant spiked club.
There is a stone staircase leading up, spattered with blood here.
Things that are here:
a +0 spear; a +0 flail; a gnoll corpse Unknown command.
Xom's power touches on your mind for a moment.
Jeremiah looks rather confused.
The ogre looks rather confused.
The gnoll looks rather confused.
The butterfly looks rather confused.
The gnoll looks rather confused.
The butterfly looks rather confused.
The adder looks rather confused.
The bombardier beetle looks rather confused.
The butterfly looks rather confused. x2
Jeremiah hits the butterfly with a +3 trident of draining!
The butterfly is killed!
The butterfly disappears in a burst of colours!
Xom is mildly amused.
Jeremiah barely misses themself.
The steam dragon bites you!
You die...
Xom cackles wildly!

..O...... .........
.S....... ### ....g...#
###.. .....#..# #...# .
.......g###.#.##.#
................. ..
##.#D@....#.##.#
..#...§§bF§§...... .
........†#..###..#
#...##.....#..###..#
#...##..#..<.......#
#........b.....##..#
#..###b.B...........#
####.. #b.###..........
......###..............#


You could see Jeremiah (confused), a steam dragon (catching breath), an ogre
(confused), a bombardier beetle (confused), 2 gnolls and an adder (confused).

Vanquished Creatures
  3 yaks
  A water moccasin (D:6)
  2 black bears (D:5)
  An ice beast (D:5)
  An ogre (D:5)
  4 scorpions
  3 hounds (D:5)
  2 orc priests (D:4)
  2 jellies
  Natasha (thrice) (D:3)
  An iguana (D:5)
  2 orc wizards
  Robin (D:3)
  5 gnolls
  7 adders
  A shadow imp (D:4)
  A white imp (D:6)
  2 dart slugs
  A ribbon worm (D:3)
  10 orcs
  A bat (D:1)
  6 endoplasms
  5 giant cockroaches
  16 goblins
  5 hobgoblins
  4 jackals
  2 quokkas (D:1)
  6 ball pythons
  3 frilled lizards
  7 kobolds
  5 rats
113 creatures vanquished.

Notes
Turn   | Place    | Note
-------+----------+-------------------------------------------
     0 | D:1      | Xavori the Djinni Chaos Knight began the quest for the Orb.
     0 | D:1      | Reached XP level 1. HP: 20/20 MP: 0/0
   144 | D:1      | Reached XP level 2. HP: 20/25 MP: 0/0
   199 | D:1      | XOM: divination: detect items
   399 | D:1      | Reached XP level 3. HP: 23/30 MP: 0/0
   399 | D:1      | Learned a level 1 spell: Sandblast
   402 | D:1      | XOM: silly message
  1635 | D:1      | XOM: divination: detect items
  2311 | D:1      | XOM: divination: detect creatures
  2599 | D:1      | XOM: divination: magic mapping
  2641 | D:1      | XOM: silly message
  3015 | D:1      | XOM is BORED!
  3015 | D:1      | XOM: summons 2 hostile demons
  3016 | D:1      | Noticed a hellwing
  3106 | D:2      | XOM: stat loss: -1 Int (12/13)
  3241 | D:2      | XOM: 9-stop teleportation journey
  3242 | D:2      | You are sucked into a shaft and drop 2 floors!
  3242 | D:4      | Found a staircase to the Ecumenical Temple.
  3282 | D:3      | Reached skill level 1 in Spellcasting
  3282 | D:3      | Reached skill level 1 in Conjurations
  3282 | D:3      | Reached skill level 1 in Hexes
  3282 | D:3      | Reached skill level 1 in Summonings
  3282 | D:3      | Reached skill level 1 in Necromancy
  3282 | D:3      | Reached skill level 1 in Translocations
  3282 | D:3      | Reached skill level 1 in Fire Magic
  3282 | D:3      | Reached skill level 1 in Ice Magic
  3282 | D:3      | Reached skill level 1 in Air Magic
  3282 | D:3      | Reached skill level 1 in Earth Magic
  3282 | D:3      | Reached skill level 1 in Alchemy
  3380 | D:3      | Noticed Natasha
  3388 | D:3      | XOM: smoke on damage
  3389 | D:3      | Killed Natasha
  3390 | D:3      | Reached XP level 4. HP: 28/35 MP: 0/0
  3411 | D:3      | XOM: divination: detect items
  3420 | D:3      | Identified the +8 ring mail "Vais" {Harm rN+}
  3490 | D:3      | XOM: potion effect (invisibility)
  3546 | D:3      | Noticed Robin
  3623 | D:3      | Killed Robin
  3624 | D:3      | Reached XP level 5. HP: 39/40 MP: 0/0
  3624 | D:3      | Learned a level 2 spell: Searing Ray
  3626 | D:3      | XOM: potion effect (heal wounds)
  4074 | D:1      | XOM: divination: detect creatures
  4313 | D:1      | XOM: divination: detect items
  5787 | D:1      | XOM: summons 3 hostile demons
  5879 | D:2      | XOM: 2-stop teleportation journey
  6036 | D:2      | Found an opulent altar of Gozag.
  6295 | D:2      | Found a faded altar of an unknown god.
  6308 | D:2      | XOM: give mutations
  6308 | D:2      | Gained mutation: You are somewhat resistant to further
                  | mutation. [Xom's mischief]
  6501 | D:1      | XOM: divination: detect items
  7072 | D:1      | XOM: silly message
  7456 | D:1      | XOM is BORED!
  7456 | D:1      | XOM: noise
  7877 | D:1      | XOM: god gift: 16 gold pieces
  8020 | D:1      | XOM: give mutations
  8020 | D:1      | Gained mutation: A frigid envelope surrounds you and
                  | freezes all who hurt you. [Xom's mischief]
  8020 | D:1      | Gained mutation: You are agile. (Dex +4, Str/Int -1) [Xom's
                  | mischief]
  8404 | D:1      | XOM: scenery: summon butterflies
  8675 | D:1      | XOM: scenery: summon butterflies
  8762 | D:1      | XOM: 3-stop teleportation journey
  9113 | D:3      | Noticed Natasha
  9117 | D:3      | XOM: butterfly on damage
  9117 | D:3      | Killed Natasha
  9212 | D:3      | XOM: give mutations
  9212 | D:3      | Gained mutation: Your mind is acute. (Int +4, Str/Dex -1)
                  | [Xom's grace]
  9212 | D:3      | Gained mutation: You are robust. (+10% HP) [Xom's grace]
  9212 | D:3      | Gained mutation: Your muscles are strong. (Str +4, Int/Dex
                  | -1) [Xom's grace]
  9212 | D:3      | Gained mutation: You expend health (3 HP) to strengthen
                  | your wands. [Xom's grace]
  9257 | D:3      | XOM: god gift: 2 golden potions {god gift}
  9277 | D:3      | Noticed Natasha
  9282 | D:3      | Killed Natasha
  9309 | D:3      | Reached XP level 6. HP: 50/50 MP: 0/0
  9506 | D:3      | XOM: divination: detect creatures
  9553 | D:3      | XOM: scenery: summon butterflies
  9655 | D:4      | Noticed a yak
  9656 | D:4      | Noticed a yak
  9656 | D:4      | Noticed a yak
  9663 | D:4      | Killed a yak
  9664 | D:4      | XOM: summons 4 hostile demons
  9675 | D:4      | a white imp changed into a ynoxinul
  9675 | D:4      | Noticed a ynoxinul
  9675 | D:4      | XOM: polymorph white imp -> ynoxinul
  9676 | D:4      | XOM: blink monster(s)
  9687 | D:3      | Reached XP level 7. HP: 48/57 MP: 0/0
  9687 | D:3      | Learned a level 3 spell: Ozocubu's Armour
  9689 | D:3      | Killed a yak
  9774 | D:4      | XOM: summons 3 friendly demons
  9778 | D:4      | Killed a yak
  9782 | D:4      | XOM is BORED!
  9782 | D:4      | XOM: stat loss: -1 Dex (16/17)
  9888 | D:4      | Reached XP level 8. HP: 62/63 MP: 0/0
 10249 | D:4      | XOM: torment (31/63 hp)
 10523 | D:4      | XOM: silly message
 10816 | D:4      | XOM: summons 5 hostile demons
 11092 | D:4      | XOM: 7-stop teleportation journey
 11276 | D:5      | Entered Level 5 of the Dungeon
 11301 | D:5      | Found a blossoming altar of Fedhas.
 11393 | D:5      | Found a broken altar of Ashenzari.
 11445 | D:5      | Reached skill level 5 in Fighting
 11517 | D:5      | Reached skill level 5 in Dodging
 11540 | D:5      | XOM: scenery: create altars
 11572 | D:5      | Reached XP level 9. HP: 65/71 MP: 0/0
 11572 | D:5      | Learned a level 3 spell: Gell's Gravitas
 11585 | D:5      | XOM: scenery: summon butterflies
 12037 | D:5      | Found a shimmering altar of Xom.
 12150 | D:6      | Identified the +2 leather armour of Inaction {Dex+3 SInv}
 12182 | D:6      | Reached skill level 5 in Spellcasting
 12182 | D:6      | Reached skill level 5 in Conjurations
 12182 | D:6      | Reached skill level 5 in Hexes
 12182 | D:6      | Reached skill level 5 in Summonings
 12182 | D:6      | Reached skill level 5 in Necromancy
 12182 | D:6      | Reached skill level 5 in Translocations
 12182 | D:6      | Reached skill level 5 in Fire Magic
 12182 | D:6      | Reached skill level 5 in Ice Magic
 12182 | D:6      | Reached skill level 5 in Air Magic
 12182 | D:6      | Reached skill level 5 in Earth Magic
 12182 | D:6      | Reached skill level 5 in Alchemy
 12254 | D:6      | Noticed Jeremiah
 12254 | D:6      | XOM: silly message
 12256 | D:6      | XOM: blink monster(s)
 12259 | D:6      | XOM: blink monster(s)
 12260 | D:6      | XOM: noise
 12276 | D:6      | XOM: silly message
 12293 | D:6      | XOM: confuse monster(s)
 12293 | D:6      | Slain by a steam dragon

Illustrated notes

Levels and vault maps discovered:
D:1:      zaba_arrival_water, layout_basic
D:2:      layout_loops_cross, basic_altar,
          shapermc_ecumenical_altar_mp_ritualfount
D:3:      layout_basic, uniq_robin, uniq_natasha
D:4:      layout_layer_cave, temple_pool_b, chequers_serial_rivers_micro_a
D:5:      layout_basic, lemuel_round_altar, dk_noncrumbling_4,
          minmay_misc_feat_tiny, grunt_ministairs_7, hangedman_feature_mirror,
          chequers_serial_rivers_micro_a, kennysheep_cross_room
D:6:      layout_basic, grunt_temple_overflow_diamond, grunt_ministairs_3,
          uniq_jeremiah

Skill      XL: |  1  2  3  4  5  6  7  8  9 |
---------------+----------------------------+-----
Spellcasting   | 1 2 3 4 5 |  5.0
Conjurations   | 1 2 3 4 5 |  5.0
Hexes          | 1 2 3 4 5 |  5.0
Summonings     | 1 2 3 4 5 |  5.0
Necromancy     | 1 2 3 4 5 |  5.0
Translocations | 1 2 3 4 5 |  5.0
Fire Magic     | 1 2 3 4 5 |  5.0
Ice Magic      | 1 2 3 4 5 |  5.0
Air Magic      | 1 2 3 4 5 |  5.0
Earth Magic    | 1 2 3 4 5 |  5.0
Alchemy        | 1 2 3 4 5 |  5.0
Long Blades    | 3 4 |  4.9
Armour         | 2 3 4 |  4.4
Dodging        | 3 4 5 |  5.3
Fighting       | 4 5 |  5.3

Action                     |  1- 3 |  4- 6 |  7- 9 || total
---------------------------+-------+-------+-------++-------
  Melee: Falchion          |    56 |    98 |   132 ||   286
   Cast: Ozocubu's Armour  |       |       |     1 ||     1
         Searing Ray       |       |       |     4 ||     4
    Use: Scroll            |       |     2 |     4 ||     6
   Stab: Petrifying        |     1 |       |       ||     1
         Sleeping          |       |       |     1 ||     1
 Armour: Leather armour    |    36 |       |       ||    36
         Ring mail         |       |    95 |   103 ||   198
  Dodge: Dodged            |    31 |    67 |    94 ||   192

Table legend: (Time is in decaauts)
 A = Elapsed time spent in this place.
 B = Non-inter-level travel time spent in this place.
 C = Inter-level travel time spent in this place.
 D = Time resting spent in this place.
 E = Time spent auto-exploring this place.
 F = Levels seen in this place.
 G = Mean time per level.
                   A        B        C        D        E       F      G
               +--------+--------+--------+--------+--------+-----+--------+
         Total |  12328 |  12149 |    179 |   7436 |   3962 |   6 | 2054.7 |
       Dungeon |  12328 |  12149 |    179 |   7436 |   3962 |   6 | 2054.7 |
               +--------+--------+--------+--------+--------+-----+--------+

Top non-repeatable levels by time:
     D:1: 7359 daAuts
     D:4: 1645 daAuts
     D:3: 1309 daAuts
     D:2: 992 daAuts
     D:5: 875 daAuts
     D:6: 145 daAuts
